 Dungeon Crawl Stone Soup version 0.29.0-13-gc9e81de378 (webtiles) character file.

Game seed: 3185759615508480774

1071 mortz the Sneak (level 8, -1/44 HPs)
             Began as a Kobold Conjurer on Sept 10, 2022.
             Was an Initiate of Dithmenos.
             Slain by Duvessa
             ... wielding a +0 short sword
              (7 damage)
             ... on level 5 of the Dungeon.
             The game lasted 00:43:13 (6973 turns).

mortz the Sneak (Kobold Conjurer)                   Turns: 6973, Time: 00:43:13

Health: -1/44      AC:  4    Str:  4    XL:     8   Next: 53%
Magic:  4/14       EV: 29    Int: 22    God:    Dithmenos [......]
Gold:   128        SH:  0    Dex: 19    Spells: 12/15 levels left

rFire   . . .      SeeInvis .   w - +12 dagger "Embalmer" {speed, Dex+6}
rCold   + . .      Faith    .   (no shield)
rNeg    . . .      Spirit   .   f - +1 leather armour
rPois   .          Reflect  .   (no helmet)
rElec   .          Harm     .   (no cloak)
rCorr   .          Rampage  .   (no gloves)
Will    .....                   (no boots)
Stlth   +++++.....              u - amulet of the acrobat
HPRegen 0.14/turn               j - ring of protection from cold
MPRegen 0.14/turn               (no ring)

@: acrobatic
A: small, no large weapons, nightstalker 3
a: Renounce Religion


You were on level 5 of the Dungeon.
You worshipped Dithmenos.
Dithmenos was noncommittal.
You visited 2 branches of the dungeon, and saw 7 of its levels.

You collected 317 gold pieces.
You spent 189 gold pieces at shops.

Inventory:

Hand Weapons
 w - the +12 dagger "Embalmer" (weapon) {speed, Dex+6}
   (You bought it in a shop on level 2 of the Dungeon)

   Attacks with this weapon are significantly faster.
   Dex:       It affects your dexterity (+6).
Missiles
 d - 2 throwing nets
Armour
 a - a +0 robe
 f - a +1 leather armour (worn)
Jewellery
 j - a ring of protection from cold (left hand)
 u - an amulet of the acrobat (around neck)
Wands
 i - a wand of polymorph (9)
Scrolls
 c - a scroll of teleportation
 p - 2 scrolls of immolation
 t - a scroll of summoning
 v - a scroll of amnesia
Potions
 b - a potion of magic
 e - 3 potions of flight
 g - a potion of mutation {unknown}
 h - 6 potions of curing
 l - 2 potions of might {unknown}
 m - 2 potions of heal wounds {unknown}
 n - 2 potions of haste {unknown}
 o - 2 potions of cancellation {unknown}
 q - a potion of ambrosia {unknown}
 r - a potion of brilliance {unknown}
 s - 3 potions of lignification {unknown}


   Skills:
 + Level 2.1 Fighting
 + Level 2.5 Short Blades
 + Level 3.1 Armour
 + Level 3.2 Dodging
 + Level 7.1 Stealth
 + Level 0.2 Unarmed Combat
 * Level 4.4 Spellcasting
 * Level 6.1 Conjurations


You had 12 spell levels left.
You knew the following spells:

 Your Spells              Type           Power      Damage    Failure   Level
a - Magic Dart            Conj           100%       1d8       1%          1
b - Searing Ray           Conj           62%        2d6       2%          2

Your spell library contained the following spells:

 Spells                   Type           Power      Damage    Failure   Level
 Shock                    Conj/Air       72%        1d7       5%          1
 Dazzling Flash           Conj/Hex       36%        N/A       16%         3
 Fulminant Prism          Conj/Hex       9%         3d7       45%         4
 Iskenderun's Mystic Bla  Conj/Tloc      18%        2d6       45%         4
 Swiftness                Air            4%         N/A       50%         3
 Airstrike                Air            2%         2d(1-17)  88%         4
 Cause Fear               Hex            2%         N/A       88%         4
 Dragon Form              Tmut           2%         N/A       100%        7
 Dragon's Call            Summ           2%         N/A       100%        9


Dungeon Overview and Level Annotations

Branches:
Dungeon (6/15) Zot: 23800  Temple (1/1) D:4 Zot: 5370

Altars:
Ashenzari
Cheibriados
Dithmenos
Elyvilon
Fedhas
Gozag
Hepliaklqana
Makhleb
Nemelex Xobeh
Okawaru
Qazlal
Ru
Trog
Uskayaw
Vehumet
Wu Jian
Xom
Zin
The Shining One

Shops:
D:2 *   D:4 *

Annotations:
D:3 Grinder, Ijyb
D:4 exclusion: rust devil
D:5 Duvessa, Sigmund


Innate Abilities, Weirdness & Mutations

You are small and have problems with some larger weapons.
You are completely attuned to the shadows.


Message History

Duvessa is severely wounded.
Duvessa barely misses you.
Your howler monkey barely misses Duvessa.
You hit Duvessa.
Duvessa is severely wounded.
Duvessa hits you with a +0 short sword!
* * * LOW HITPOINT WARNING * * *
Your howler monkey hits Duvessa but does no damage.
You feel better. Duvessa misses you.
Your howler monkey closely misses Duvessa.
Duvessa hits you with a +0 short sword!
* * * LOW HITPOINT WARNING * * *
The necrophage misses your howler monkey.
As you read the scroll of butterflies, it crumbles to dust.
You hear the tinkle of a tiny bell.
Your howler monkey hits Duvessa.
Duvessa misses you. The necrophage hits your howler monkey.
You swap places.
Duvessa hits your butterfly with a +0 short sword!
Your butterfly dies!
Your butterfly disappears in a burst of colours!
Your howler monkey hits Duvessa!
Duvessa hits your butterfly with a +0 short sword!
Your butterfly dies!
Your butterfly disappears in a burst of colours!
The necrophage hits your howler monkey.
The necrophage drains your howler monkey.
You swap places.
Your howler monkey hits the necrophage.
Your howler monkey hits the necrophage but does no damage.
Duvessa completely misses your butterfly.
Something closely misses your howler monkey.
Your howler monkey misses the necrophage.
Duvessa hits your butterfly with a +0 short sword!!
Your butterfly dies!
Your butterfly disappears in a burst of colours!
Duvessa rages.
The necrophage hits your butterfly.
Your butterfly dies!
Your butterfly disappears in a burst of colours!
Duvessa attacks as you move away! Duvessa hits you with a +0 short sword!
You die...

# #..........# #
#..........# # #..........#
# #..........# #
#..........# #..........#
####
###...b..####..>.#..b...#.#
.)...######.>.........#
......#.....#.......### .
.##...............#


You could see Duvessa (berserk, ally target), a necrophage (ally target),
Sigmund and a friendly howler monkey (summoned, very drained).

Vanquished Creatures
  The ghost of Ofeo the Digger, an amateur MeEE (D:4)
  A centaur (D:4)
  A phantom (D:5)
  4 scorpions
  A bullfrog (D:4)
  Dowan (D:5)
  A jelly (D:5)
  An orc priest (D:4)
  2 iguanas (D:5)
  3 orc wizards (D:4)
  Natasha (thrice) (D:3)
  6 adders
  5 gnolls (D:4)
  A worm (D:2)
  3 dart slugs
  7 orcs
  4 bats
  8 endoplasms
  3 giant cockroaches
  7 goblins
  9 hobgoblins
  8 jackals
  6 kobolds
  3 quokkas
  6 ball pythons
  2 frilled lizards (D:1)
  3 rats
100 creatures vanquished.

Vanquished Creatures (others)
  17 plants (D:4)
17 creatures vanquished.

Grand Total: 117 creatures vanquished

Notes
Turn   | Place    | Note
-------+----------+-------------------------------------------
     0 | D:1      | mortz the Kobold Conjurer began the quest for the Orb.
     0 | D:1      | Reached XP level 1. HP: 10/10 MP: 3/3
   377 | D:1      | Reached XP level 2. HP: 15/15 MP: 3/5
   649 | D:1      | Learned a level 2 spell: Searing Ray
   692 | D:1      | Reached skill level 3 in Stealth
   766 | D:1      | Reached XP level 3. HP: 19/19 MP: 2/6
  1704 | D:2      | Found Tucsiocs's Assorted Antiques.
  1735 | D:2      | Reached XP level 4. HP: 24/24 MP: 1/7
  2626 | D:3      | Found a faded altar of an unknown god.
  2634 | D:3      | Noticed Grinder
  2660 | D:3      | You fall into a shaft and drop 3 floors!
  2668 | D:6      | Noticed a black bear
  2677 | D:6      | Noticed a scorpion
  2685 | D:6      | Killed a scorpion
  2686 | D:6      | Reached skill level 1 in Armour
  2686 | D:6      | Reached skill level 4 in Stealth
  2686 | D:6      | Reached XP level 5. HP: 20/28 MP: 1/9
  2815 | D:6      | Noticed a centaur
  2831 | D:6      | Noticed an ogre
  2833 | D:5      | Entered Level 5 of the Dungeon
  2849 | D:5      | Reached skill level 5 in Conjurations
  2983 | D:5      | Noticed a phantom
  2995 | D:5      | Killed a phantom
  2996 | D:5      | Reached XP level 6. HP: 22/33 MP: 2/10
  3149 | D:4      | Reached skill level 1 in Short Blades
  3153 | D:4      | Reached skill level 5 in Stealth
  3419 | D:4      | Reached XP level 7. HP: 25/37 MP: 7/12
  4270 | D:3      | Noticed Natasha
  4273 | D:3      | Killed Natasha
  4274 | D:3      | Reached skill level 1 in Fighting
  4489 | D:2      | Bought a crystal dagger for 189 gold pieces
  4489 | D:2      | Identified the +12 dagger "Embalmer" {speed, Dex+6} (You
                  | bought it in a shop on level 2 of the Dungeon)
  4529 | D:3      | Noticed Ijyb
  4669 | D:3      | Noticed Natasha
  4674 | D:3      | Killed Natasha
  4759 | D:3      | Noticed Natasha
  4762 | D:3      | Killed Natasha
  5003 | D:4      | Found a staircase to the Ecumenical Temple.
  5009 | Temple   | Entered the Ecumenical Temple
  5123 | Temple   | Became a worshipper of Dithmenos the Shadowed
  5345 | D:4      | Noticed a rust devil
  5408 | D:4      | Noticed an angel
  5419 | D:4      | Found a runed translucent gate.
  5419 | D:4      | Found a runed translucent gate.
  5420 | D:4      | Found a runed translucent gate.
  5422 | D:4      | Found an opulent altar of Gozag.
  5427 | D:4      | Noticed Ofeo's ghost (amateur MeEE)
  5760 | D:4      | Found Tachy's General Store.
  6068 | D:4      | Reached skill level 6 in Stealth
  6068 | D:4      | Reached XP level 8. HP: 31/44 MP: 2/14
  6485 | D:4      | Killed Ofeo's ghost
  6660 | D:5      | Noticed Sigmund
  6767 | D:5      | Noticed Duvessa
  6863 | D:5      | Noticed Dowan
  6867 | D:5      | Killed Dowan
  6868 | D:5      | Reached skill level 7 in Stealth
  6973 | D:5      | Slain by Duvessa

Illustrated notes

Levels and vault maps discovered:
D:1:      erik_arrival_triangle_medium, layout_basic
D:2:      layout_loops_ring, serial_shops, nicolae_shop_behind_doors
D:3:      layout_basic, hellmonk_ecumenical_altar_blasted, uniq_grinder,
          uniq_ijyb, uniq_natasha
D:4:      layout_cave_pods, temple_garden, serial_shops, shop,
          nicolae_ossuary_entry_monument, ebering_ghost_gozag
D:5:      layout_rooms, uniq_duvessa, uniq_sigmund
D:6:      layout_basic
Temple:   compressed_dpeg_triangle_lava_temple

Skill      XL: |  1  2  3  4  5  6  7  8 |
---------------+-------------------------+-----
Stealth        | 3 4 5 6 7 |  7.1
Armour         | 1 2 3 |  3.1
Spellcasting   | 3 4 |  4.4
Conjurations   | 5 6 |  6.1
Short Blades   | 1 2 |  2.5
Dodging        | 3 |  3.2
Fighting       | 1 2 |  2.1
Unarmed Combat | |  0.2

Action                   |  1- 3 |  4- 6 |  7- 9 || total
-------------------------+-------+-------+-------++-------
Melee: Dagger            |    14 |    11 |    18 ||    43
       Unarmed           |     5 |       |       ||     5
 Cast: Magic Dart        |    18 |       |       ||    18
       Searing Ray       |    19 |    16 |    35 ||    70
  Use: Scroll            |     5 |     5 |     7 ||    17
       Potion            |       |     1 |     1 ||     2
 Stab: Sleeping          |     9 |     5 |    11 ||    25
Armor: Leather armour    |     3 |    11 |     5 ||    19
Dodge: Dodged            |    21 |    23 |    48 ||    92
